 Dungeon Crawl Stone Soup version 0.32-a0-22-g6ae6769602 (webtiles) character file.

Game seed: 9258737573172153537

89 GenialerGandalf the Trooper (level 4, 0/40 HPs)
             Began as a Hill Orc Fighter on Jan 18, 2024.
             Constricted to death by a ball python (1 damage)
             ... on level 3 of the Dungeon.
             The game lasted 00:03:00 (1270 turns).

GenialerGandalf the Trooper (Hill Orc Fighter)      Turns: 1270, Time: 00:03:00

Health: 0/40       AC:  7    Str: 20    XL:     4   Next: 55%
Magic:  4/4        EV:  6    Int:  8    God:
Gold:   72         SH:  4    Dex: 10    Spells: 3/3 levels left

rFire   . . .        a - +0 war axe
rCold   . . .        c - +0 buckler
rNeg    . . .        b - +0 scale mail
rPois   .            (no helmet)
rElec   .            (no cloak)
rCorr   .            (no gloves)
SInv    .            (no boots)
Will    .....        (no amulet) Stlth
                     (no ring)
HPRegen 0.26/turn    (no ring)
MPRegen 0.09/turn

%: no passive effects
@: mighty, constricted
A: no striking features
a: no special abilities


You were on level 3 of the Dungeon.
You visited 1 branch of the dungeon, and saw 3 of its levels.

You collected 72 gold pieces.

Inventory:

Hand Weapons
 a - a +0 war axe (weapon)
Armour
 b - a +0 scale mail (worn)
 c - a +0 buckler (worn)
Jewellery
 e - a +6 ring of strength
 h - a ring of positive energy
Scrolls
 f - a scroll of identify
 m - a scroll of immolation
Potions
 l - a potion of cancellation {unknown}
 n - a potion of attraction {unknown}
 o - a potion of haste {unknown}


   Skills:
 + Level 4.2 Fighting
 + Level 4.0 Axes
 + Level 4.0 Armour
 + Level 0.8 Dodging
 + Level 3.7 Shields


You had 3 spell levels left.
You didn't know any spells.
Your spell library was empty.

Dungeon Overview and Level Annotations

Branches:
Dungeon (3/15)

Altars:

Shops:
D:2 *   D:3 :

Annotations:
D:3 Robin


Message History

You kill the ball python!
You slash the goblin!
You kill the goblin!
The gnoll hits you with a +0 flail. Robin throws the goblin at you!
Your Armour skill increases to level 4!
You closely miss the gnoll. You hit the hobgoblin but do no damage.
You hit the goblin.
You kill the goblin!
You closely miss the goblin. The goblin hits you but does no damage.
You block the hobgoblin's attack. The gnoll hits you with a +0 flail!
* * * LOW HITPOINT WARNING * * *
You block the goblin's attack. The gnoll closely misses you.
You feel better. You block the hobgoblin's attack. The hobgoblin hits you.
* * * LOW HITPOINT WARNING * * *
The gnoll hits you with a +0 flail.
* * * LOW HITPOINT WARNING * * *
The goblin hits you but does no damage.
You slash the gnoll!
You kill the gnoll!
You closely miss the goblin. You hit Robin. You hit the hobgoblin.
You kill the hobgoblin!
You slash the hobgoblin!
You kill the hobgoblin!
You block the ball python's attack. The ball python closely misses you.
The goblin misses you.
Robin roars a battlecry!
The goblins go into a battle-frenzy!
Your Axes skill increases to level 4!
You barely miss Robin.
Robin is lightly wounded.
You closely miss the goblin. You closely miss the ball python.
The ball python closely misses you. The ball python grabs you.
The ball python constricts you. The goblin hits you but does no damage.
Robin says, "A pitiful Hill Orc like you will never find the ORB!"
Robin throws the goblin at you!
* * * LOW HITPOINT WARNING * * *
The ball python bites you.
* * * LOW HITPOINT WARNING * * *
The ball python constricts you.
You die...

........##.........# #
....[..#######..##...~
####........##..# ..~
.###..........###.##...~
............. #.....~~
............ ###.....~≈
....⌠...⌠.#####†..###.~≈
......S)g...#......88~~≈
....⌠.g@⌠...............
.#....†)g†..............
#..#.##...........88~≈≈
..#.................~~≈≈
........##...#......~≈≈~
.....#.# ##...####..~≈≈~
.... .. #..... .~~≈≈
....... ...... ~≈


You could see Robin, 2 goblins and a ball python.

Vanquished Creatures
  3 gnolls (D:3)
  2 dart slugs
  4 endoplasms
  3 giant cockroaches
  15 goblins
  4 hobgoblins
  2 jackals (D:1)
  A quokka (D:1)
  5 ball pythons
  3 bats
  3 frilled lizards
  3 kobolds
  4 rats
52 creatures vanquished.

Notes
Turn   | Place    | Note
-------+----------+-------------------------------------------
     0 | D:1      | GenialerGandalf the Hill Orc Fighter began the quest for
                  | the Orb.
     0 | D:1      | Reached XP level 1. HP: 19/19 MP: 1/1
    47 | D:1      | Reached XP level 2. HP: 25/27 MP: 2/2
   669 | D:1      | Reached XP level 3. HP: 33/33 MP: 3/3
   712 | D:2      | Found Suyrum's Assorted Antiques.
  1248 | D:3      | Found Kuqic's Vocational Training.
  1260 | D:3      | Reached XP level 4. HP: 21/40 MP: 4/4
  1261 | D:3      | Noticed Robin
  1268 | D:3      | HP: 2/40 [gnoll/+0 flail (6)]
  1270 | D:3      | Constricted to death by a ball python

Illustrated notes

Levels and vault maps discovered:
D:1:      eino_arrival_tree_alley, layout_loops_cross
D:2:      layout_rooms, serial_shops, shop
D:3:      wander_river, layout_rooms, nicolae_uskayaw_en_pointe,
          nicolae_ashenzari_panopticon, ebering_ecumenical_altar_box,
          nicolae_shop_vocational, uniq_robin

Skill      XL: |  1  2  3  4 |
---------------+-------------+-----
Axes           | 3 4 |  4.0
Fighting       | 4 |  4.2
Armour         | 4 |  4.0
Dodging        | |  0.8
Shields        | |  3.7

Action                     |  1- 3 |  4- 6 || total
---------------------------+-------+-------++-------
  Melee: War axe           |    93 |     8 ||   101
    Use: Scroll            |     7 |       ||     7
         Potion            |     1 |     2 ||     3
 Armour: Scale mail        |    70 |    16 ||    86
  Dodge: Dodged            |    45 |     7 ||    52
  Block: Buckler           |    18 |     5 ||    23

Table legend: (Time is in decaauts)
 A = Elapsed time spent in this place.
 B = Non-inter-level travel time spent in this place.
 C = Inter-level travel time spent in this place.
 D = Time resting spent in this place.
 E = Time spent auto-exploring this place.
 F = Levels seen in this place.
 G = Mean time per level.
                   A        B        C        D        E       F      G
               +--------+--------+--------+--------+--------+-----+--------+
         Total |   1306 |   1272 |     34 |      0 |    990 |   3 |  435.3 |
       Dungeon |   1306 |   1272 |     34 |      0 |    990 |   3 |  435.3 |
               +--------+--------+--------+--------+--------+-----+--------+

Top non-repeatable levels by time:
     D:1: 717 daAuts
     D:2: 502 daAuts
     D:3: 87 daAuts
